 Dungeon Crawl Stone Soup version 0.17-a0-1667-g4ca74a1 (webtiles) character file.

15435 chelath the Protected (level 12, -6/108 HPs)
             Began as a Minotaur Fighter on Aug 16, 2015.
             Was an Elder of Ru.
             Mangled by a 11-headed hydra (7 damage)
             ... on level 12 of the Dungeon on Aug 18, 2015.
             The game lasted 01:39:21 (10530 turns).

chelath the Protected (Minotaur Fighter)           Turns: 10530, Time: 01:39:22

Health: -6/108     AC: 15    Str: 24    XL:     12   Next: 1%
Magic:  20/20      EV: 10    Int:  3    God:    Ru [****..]
Gold:   216        SH:  0    Dex: 10    Spells: 0 memorised, 11 levels left

rFire  . . .     SeeInvis .     G - +2 great sword (vamp)
rCold  . . .     Clarity  .     m - +0 plate armour
rNeg   . . .     SustAt   .     (no shield)
rPois  .         Gourm    .     (helmet unavailable)
rElec  .         Spirit   .     (no cloak)
rCorr  .         Warding  .     (no gloves)
rMut   .         Stasis   .     (no boots)
MR     .....                    t - amulet of faith
Stlth  ..........               (no ring)
                                p - ring of magical power

@: not resistant to hostile enchantments, extremely unstealthy
A: retaliatory headbutt, horns 3, clumsy 1, dopey 1, regeneration 1, inability
to use devices, disrupted magic 1
a: Draw Out Power, Power Leap, Renounce Religion


You were on level 12 of the Dungeon.
You worshipped Ru.
Ru was greatly pleased with you.
You were not hungry.

You visited 1 branch of the dungeon, and saw 12 of its levels.
You also visited: Ossuary.

You collected 674 gold pieces.
You spent 458 gold pieces at shops.

Inventory:

Hand weapons
 d - a +4 scimitar of flaming
 C - a +3 spear
 E - the +4 dagger "Morg" {pain, MR+ Int+5}
   (You found it on level 7 of the Dungeon)

   In the hands of one skilled in necromantic magic, it inflicts extra damage on
   living creatures.
   It affects your intelligence (+5).
   It affects your resistance to hostile enchantments.
 G - a +2 vampiric great sword (weapon)
Missiles
 b - 8 tomahawks
 f - 377 stones (quivered)
Armour
 i - a mottled dragon hide
 m - a +0 plate armour (worn)
 v - a steam dragon hide
 z - the +1 ring mail of Whack-A-Mole {rF+ MR- SInv, unknown}
   (You found it on level 11 of the Dungeon)

   It protects you from fire.
   It affects your resistance to hostile enchantments.
   It lets you see invisible.
 D - a +2 chain mail of cold resistance
Jewellery
 p - a ring of magical power (left hand)
 t - an amulet of faith (around neck)
Scrolls
 a - a scroll of enchant weapon
 g - a scroll of blinking
 j - a scroll of immolation
 k - a scroll of remove curse
 q - 3 scrolls of teleportation
 s - 4 scrolls of amnesia
Potions
 o - 2 potions of agility
 x - 3 potions of curing
 A - 3 potions of brilliance
 B - 2 potions of haste
 H - a potion of cancellation
Books
 r - a Young Poisoner's Handbook

   Spells                             Type                      Level
   a - Sting                          Conjuration/Poison           1
   b - Cure Poison                    Poison                       2
   c - Mephitic Cloud                 Conjuration/Poison/Air       3
   d - Olgreb's Toxic Radiance        Poison                       4
   e - Venom Bolt                     Conjuration/Poison           5
 y - a book of Cantrips

   Spells                             Type                      Level
   a - Corona                         Hexes                        1
   b - Animate Skeleton               Necromancy                   1
   c - Summon Small Mammal            Summoning                    1
   d - Apportation                    Translocation                1
Comestibles
 c - 4 chunks of flesh
 e - 7 bread rations
 h - 10 royal jellies
 l - 7 beef jerkies
 n - 9 fruits
 u - 6 meat rations


   Skills:
 + Level 10.9 Fighting
 + Level 11.2 Long Blades
 * Level 7.5 Throwing
 + Level 12.1 Armour
 + Level 6.7 Dodging
   Level 7.9 Shields


You had 11 spell levels left.
You didn't know any spells.

Dungeon Overview and Level Annotations

Branches:
Dungeon (12/15)            Temple (0/1) D:7            Lair (0/8) D:8
    Orc: D:9-12

Altars:
Cheibriados
Dithmenos
Fedhas
Gozag
Kikubaaqudgha
Nemelex Xobeh
Qazlal
Ru
Trog
Yredelemnul
Zin

Shops:
D:8 *?%


Innate Abilities, Weirdness & Mutations

You reflexively headbutt those who attack you in melee.
You have a pair of large horns on your head.
You are clumsy. (Dex -2)
You are dopey. (Int -2)
You cannot study or use magical devices.
Your casting is slightly disrupted.
Your natural rate of healing is unusually fast.


Message History

The 11-headed hydra bites you. x3
The 11-headed hydra bites you but does no damage.
The 11-headed hydra barely misses you. The 11-headed hydra bites you!
* * * LOW HITPOINT WARNING * * *
The 11-headed hydra bites you.
* * * LOW HITPOINT WARNING * * *
The 11-headed hydra bites you but does no damage.
Your plate armour prevents you from hitting the 11-headed hydra.
You headbutt the 11-headed hydra!
The 11-headed hydra is almost dead.
The 11-headed hydra bites you but does no damage.
The 11-headed hydra bites you!
* * * LOW HITPOINT WARNING * * *
You focus your will and illuminate the 11-headed hydra in retribution!
The 11-headed hydra bites you.
* * * LOW HITPOINT WARNING * * *
The 11-headed hydra bites you.
* * * LOW HITPOINT WARNING * * *
The 11-headed hydra bites you!
You die...

#...# #.'.... #.#
#...# #)#.... #.#
#...# #.#.... #.#
#...# #.##### #.#
#...# #...).. #.#
#...# ####..# #.#
#.).######.## #.#
#..........## #@#
#............ # #D#
#............ ####Y
#Y# #...######..#
..... #Y# #...# #.)#
...Y.. #Y####...#
#.)#
......#####Y.......#
#..#
#.YY.D..........#
#..#
#..../...#####..#
#..# #..####..# #..#
#..#


You could see a 11-headed hydra and 4 yaks.

Vanquished Creatures
  The ghost of porpoise the Destroyer, a powerful DrCj of Vehumet (D:11)
  Erica (D:10)
  An unseen horror (D:11)
  A hill giant (D:11)
  An ugly thing (D:12)
  Joseph (D:8)
  A gargoyle (D:12)
  2 trolls
  A wraith (D:11)
  A vampire (D:12)
  A wyvern (D:12)
  22 yaks
  A deep elf mage (D:9)
  3 hungry ghosts
  3 hippogriffs
  A steam dragon (D:9)
  A mottled dragon (D:8)
  3 water moccasins
  A soldier ant (D:8)
  4 orc warriors
  A wasp (D:8)
  4 black bears
  2 necrophages
  3 sky beasts
  2 ice beasts
  2 centaurs
  A crocodile (D:8)
  6 ogres
  2 big kobolds
  A brain worm (D:8)
  3 giant frogs
  A wyvern zombie (D:11)
  5 jellies
  9 scorpions (Ossuary)
  A water moccasin skeleton (D:9)
  13 wights
  13 killer bees
  4 centaur zombies
  2 crimson imps
  2 human zombies (Ossuary)
  11 iguanas
  3 giant frog zombies
  3 orc priests
  7 hounds
  A quasit (D:10)
  A centaur skeleton (D:9)
  15 orc wizards
  Jessica (D:3)
  4 worker ants
  2 big kobold zombies (Ossuary)
  2 mummies (Ossuary)
  2 worker ant zombies
  17 adders
  12 gnolls
  4 scorpion zombies (Ossuary)
  4 shadow imps
  2 adder zombies (D:5)
  A worm (D:2)
  2 adder skeletons
  A giant gecko (D:2)
  25 orcs
  6 giant cockroaches
  2 gnoll zombies (Ossuary)
  6 goblins
  4 hobgoblins
  10 jackals
  2 ball pythons (D:1)
  6 bats
  A giant gecko zombie (D:8)
  4 giant newts
  A goblin zombie (Ossuary)
  A hobgoblin zombie (Ossuary)
  19 kobolds
  2 kobold zombies (Ossuary)
  2 orc zombies (Ossuary)
  2 quokkas
  A quokka zombie (D:5)
  9 rats
  A rat zombie (D:5)
327 creatures vanquished.

Vanquished Creatures (others)
  A scorpion (Ossuary)
  An orc priest (D:9)
  A mummy (Ossuary)
  A kobold (D:10)
4 creatures vanquished.

Grand Total: 331 creatures vanquished

Notes
Turn   | Place    | Note
--------------------------------------------------------------
     0 | D:1      | chelath the Minotaur Fighter began the quest for the Orb.
     0 | D:1      | Reached XP level 1. HP: 19/19 MP: 0/0
   209 | D:1      | Reached skill level 4 in Shields
   262 | D:1      | Reached XP level 2. HP: 25/27 MP: 1/1
   646 | D:1      | Found a snail-covered altar of Cheibriados.
   963 | D:2      | Reached XP level 3. HP: 30/33 MP: 2/2
  1691 | D:2      | Reached XP level 4. HP: 27/40 MP: 3/3
  1935 | D:3      | Found a faded altar to an unknown god.
  1958 | D:3      | Became a worshipper of Ru the Awakened
  2069 | D:3      | Gained mutation: Your casting is slightly disrupted. [Ru sacrifice]
  2148 | D:3      | Reached skill level 1 in Dodging
  2350 | D:3      | Noticed Jessica
  2354 | D:3      | Killed Jessica
  2354 | D:3      | Reached skill level 1 in Throwing
  2354 | D:3      | Reached skill level 5 in Shields
  2354 | D:3      | Reached XP level 5. HP: 42/46 MP: 4/4
  2453 | D:4      | HP: 2/47 [poisoned by a gnoll]
  2575 | D:4      | Reached skill level 5 in Armour
  2660 | D:4      | Reached XP level 6. HP: 42/53 MP: 5/5
  2864 | D:4      | Noticed an ogre
  2866 | D:4      | Killed an ogre
  2905 | D:4      | Gained mutation: Your natural rate of healing is unusually fast. [potion of beneficial mutation]
  3027 | D:4      | Noticed an ogre
  3027 | D:4      | Noticed a centaur
  3040 | D:4      | Killed an ogre
  3040 | D:4      | Reached skill level 5 in Fighting
  3045 | D:4      | Killed a centaur
  3045 | D:4      | Reached XP level 7. HP: 33/61 MP: 6/6
  3144 | D:5      | Entered Level 5 of the Dungeon
  3151 | D:5      | Reached skill level 6 in Shields
  3398 | D:5      | Found a sand-covered staircase.
  3406 | Ossuary  | Entered an ossuary
  3716 | Ossuary  | Reached XP level 8. HP: 63/70 MP: 7/7
  3840 | Ossuary  | Gained mutation: You are dopey. (Int -2) [Ru sacrifice]
  3940 | Ossuary  | Reached skill level 7 in Shields
  4060 | Ossuary  | Gained mutation: You have a pair of large horns on your head. [potion of beneficial mutation]
  4081 | Ossuary  | Reached skill level 5 in Long Blades
  5377 | D:6      | Reached XP level 9. HP: 21/79 MP: 8/8
  5595 | D:7      | Found a staircase to the Ecumenical Temple.
  6396 | D:8      | Found a bloodstained altar of Trog.
  6404 | D:8      | Found a blossoming altar of Fedhas.
  6404 | D:8      | Found a glowing silver altar of Zin.
  6406 | D:8      | Found a stormy altar of Qazlal.
  6407 | D:8      | Found a basalt altar of Yredelemnul.
  6408 | D:8      | Found a sparkling altar of Nemelex Xobeh.
  6465 | D:8      | Found Nirurph's Food Shoppe.
  6469 | D:8      | Reached skill level 8 in Armour
  6477 | D:8      | Bought 3 fruits for 63 gold pieces
  6477 | D:8      | Bought a meat ration for 70 gold pieces
  6477 | D:8      | Bought a bread ration for 70 gold pieces
  6477 | D:8      | Bought a meat ration for 70 gold pieces
  6477 | D:8      | Bought a meat ration for 70 gold pieces
  6477 | D:8      | Bought a beef jerky for 21 gold pieces
  6477 | D:8      | Bought a bread ration for 70 gold pieces
  6505 | D:8      | Found Capsoph's Assorted Antiques.
  6529 | D:8      | Bought a fizzy grey potion for 24 gold pieces
  6667 | D:8      | Lost intelligence.
  6740 | D:8      | Paralysed by a wasp for 2 turns
  6744 | D:8      | Reached skill level 5 in Dodging
  6826 | D:8      | Found Veynk's Magic Scroll Emporium.
  6829 | D:8      | Noticed Joseph
  6847 | D:8      | Killed Joseph
  6847 | D:8      | Reached skill level 9 in Armour
  7032 | D:8      | Found a snail-covered altar of Cheibriados.
  7049 | D:8      | HP: 3/81 [wight/halberd (3)]
  7155 | D:8      | Reached XP level 10. HP: 53/88 MP: 9/9
  7222 | D:8      | Gained mutation: You cannot study or use magical devices. [Ru sacrifice]
  7222 | D:8      | Acquired Ru's first power
  7222 | D:8      | Acquired Ru's second power
  7222 | D:8      | Acquired Ru's third power
  7533 | D:8      | Reached skill level 10 in Armour
  7631 | D:8      | Found a staircase to the Lair.
  8106 | D:9      | Found a shadowy altar of Dithmenos.
  8403 | D:10     | Entered Level 10 of the Dungeon
  8430 | D:10     | Noticed Erica
  8450 | D:10     | Killed Erica
  8450 | D:10     | Reached skill level 5 in Throwing
  8904 | D:10     | Found an ancient bone altar of Kikubaaqudgha.
  8959 | D:11     | Upgraded the game from 0.17-a0-1663-gb806841 to 0.17-a0-1667-g4ca74a1
  9032 | D:11     | Reached XP level 11. HP: 70/97 MP: 10/10
  9127 | D:11     | Noticed a hill giant
  9136 | D:11     | Killed a hill giant
  9165 | D:11     | Reached skill level 11 in Armour
  9213 | D:11     | Reached skill level 10 in Long Blades
  9281 | D:11     | Got a shimmering ring mail
  9334 | D:11     | Reached skill level 10 in Fighting
  9475 | D:11     | Noticed porpoise's ghost (powerful DrCj)
  9508 | D:11     | Killed porpoise's ghost
  9725 | D:11     | Gained mutation: You are clumsy. (Dex -2) [Ru sacrifice]
  9725 | D:11     | Acquired Ru's fourth power
  9766 | D:11     | Noticed an unseen horror
  9770 | D:11     | Killed an unseen horror
  9981 | D:12     | Found an opulent altar of Gozag.
 10089 | D:12     | Reached skill level 12 in Armour
 10122 | D:12     | HP: 5/101 [something/vampiric draining (16)]
 10140 | D:12     | HP: 5/101 [something (4)]
 10418 | D:12     | Reached XP level 12. HP: 85/108 MP: 11/11
 10508 | D:12     | Noticed a five-headed hydra
 10530 | D:12     | HP: 1/108 [11-headed hydra (5)]
 10530 | D:12     | Mangled by a 11-headed hydra

Vault maps used:
D:1:      dpeg_arrival_line_fractal, cheibriados_altar_1
D:2:      first_bread, kennysheep_cross_room
D:3:      ecumenical_altar_2, uniq_jessica
D:5:      enter_ossuary_4
D:6:      due_unseen_surprise
D:7:      minmay_temple_entry_enclosed_plants
D:8:      minitemple, nicolae_overflow_crystal_walls, erik_lair_dragon,
          serial_shops, kennysheep_little_box, shop,
          nicolae_shop_scaring_up_business, hangedman_pestilent_swarm,
          uniq_joseph
D:9:      nicolae_dithmenos_shadow_blocks
D:10:     lemuel_tele_altar, uniq_erica
D:12:     david_orc_4, basic_altar, nrook_mini_vaults
Ossuary:  ossuary_minmay_scorpions

Action                   |  1- 3 |  4- 6 |  7- 9 | 10-12 || total
-------------------------+-------+-------+-------+-------++-------
Melee: Long sword        |    92 |   132 |   259 |       ||   483
       Great sword       |       |       |   104 |   475 ||   579
Throw: Stone             |     1 |    44 |    14 |    44 ||   103
Invok: Sacrifice Essence |       |     1 |       |       ||     1
       Sacrifice Purity  |       |       |     1 |     1 ||     2
       Draw Out Power    |       |       |       |     3 ||     3
       Sacrifice Artific |       |       |       |     1 ||     1
  Use: Potion            |     1 |     8 |     6 |     5 ||    20
       Scroll            |       |    10 |    16 |     4 ||    30
 Stab: Invisible         |       |       |       |     3 ||     3
       Distracted        |       |       |       |     1 ||     1
  Eat: Chunk             |     2 |     5 |     8 |    19 ||    34
       Bread ration      |       |       |     1 |       ||     1
       Fruit             |       |       |     6 |     2 ||     8
       Royal jelly       |       |       |     1 |     1 ||     2
